 Dungeon Crawl Stone Soup version 0.30.0-15-g856e2d3f33 (webtiles) character file.

Game seed: 488324951626785164

25 Jackthecabe the Shooter (level 3, -1/20 HPs)
             Began as a Tengu Hexslinger on May 19, 2023.
             Succumbed to an adder's poison
             ... on level 2 of the Dungeon.
             The game lasted 00:02:16 (1170 turns).

Jackthecabe the Shooter (Tengu Hexslinger)          Turns: 1170, Time: 00:02:17

Health: -1/20      AC:  2    Str: 10    XL:     3   Next: 6%
Magic:  2/5        EV: 12    Int: 13    God:
Gold:   102        SH:  0    Dex: 16    Spells: 0/4 levels left

rFire   . . .        a - +1 sling
rCold   . . .        (no shield)
rNeg    + . .        c - +0 robe
rPois   .            (helmet restricted)
rElec   .            (no cloak)
rCorr   +            (no gloves)
SInv    .            (boots unavailable)
Will    .....        (no amulet)
Stlth   +            n - ring of resist corrosion
HPRegen 0.23/turn    l - ring of positive energy {rN+}
MPRegen 0.09/turn

%: no passive effects
@: lethally poisoned (-1 -> -7), flying
A: beak, talons 3
a: no special abilities


You were on level 2 of the Dungeon.
You visited 1 branch of the dungeon, and saw 2 of its levels.

You collected 102 gold pieces.

Inventory:

Hand Weapons
 a - a +1 sling (weapon)
Missiles
 p - a throwing net {=f, !d}
Armour
 c - a +0 robe (worn)
Magical Staves
 d - a staff of death {rN+}
   (You found it on level 1 of the Dungeon)
Jewellery
 h - a +6 ring of strength
   (You found it on level 1 of the Dungeon)
 k - a +6 ring of strength
   (You found it on level 2 of the Dungeon)
 l - a ring of positive energy (right hand) {rN+}
   (You found it on level 2 of the Dungeon)
 n - a ring of resist corrosion (left hand)
   (You found it on level 2 of the Dungeon)
Scrolls
 b - 2 scrolls of poison {!r}
 e - a scroll of magic mapping {unknown}
 i - a scroll of noise {unknown}
 j - a scroll of identify {unknown}
 o - a scroll of immolation {unknown}
 q - a scroll of enchant weapon {unknown}
Potions
 f - 2 potions of curing {@q1, !d}
 g - 2 potions of flight
 m - a potion of heal wounds {unknown}


   Skills:
 - Level 1.0 Fighting
 + Level 3.7 Ranged Weapons
 - Level 2.1 Dodging
 - Level 1.0 Spellcasting
 + Level 0.1 Conjurations
 - Level 2.1 Hexes
 + Level 0.1 Air Magic
 + Level 0.0 Poison Magic


You couldn't memorise any spells.
You knew the following spells:

 Your Spells              Type           Power      Damage    Failure   Level
s - Slow                  Hex            24%        N/A       12%         1
x - Mephitic Cloud        Conj/Pois/Air  0%         N/A       63%         3

Your spell library contained the following spells:

 Spells                   Type           Power      Damage    Failure   Level
 Magic Dart               Conj           4%         1d3       26%         1
 Call Imp                 Summ           0%         N/A       38%         2
 Inner Flame              Hex/Fire       3%         N/A       47%         3
 Portal Projectile        Hex/Tloc       6%         N/A       47%         3
 Cause Fear               Hex            3%         N/A       75%         4


Dungeon Overview and Level Annotations

Branches:
Dungeon (2/15)

Altars:


Innate Abilities, Weirdness & Mutations

You have a beak for a mouth.
You have claws for feet.


Message History

The ball python bites you. The ball python closely misses you.
The adder closely misses you.
You take 4 damage, and have 16/20 hp.
You now have 3/5 mp.
Unknown command.
Casting: Slow (safe; 12% risk of failure)
Aiming: Slow (safe; 12% risk of failure)
Aim: an adder (moderately wounded, chance to affect: 49%)
You miscast Slow.
You are very lightly contaminated with residual magic.
Nothing appears to happen.
The adder bites you but does no damage. The ball python bites you.
The ball python grabs you. The ball python constricts you.
You take 1 damage, and have 15/20 hp.
You now have 2/5 mp.
Unknown command.
Casting: Slow (safe; 12% risk of failure)
Aiming: Slow (safe; 12% risk of failure)
Aim: an adder (moderately wounded, chance to affect: 49%)
The adder resists with some effort.
The adder closely misses you. The ball python closely misses you.
The ball python constricts you.
You now have 1/5 mp.
Unknown command.
You escape the ball python's grasp.
The ball python attacks as you move away!
The ball python misses you. The ball python closely misses you.
The adder bites you.
You take 3 damage, and have 12/20 hp.
The adder closely misses you.
The ball python attacks as you move away!
The ball python barely misses you. The adder attacks as you move away!
The adder bites you but does no damage.
There is a stone staircase leading up here.
The adder misses you. The ball python closely misses you.
The ball python grabs you.
You stop ascending the stairs.
The ball python constricts you. The adder bites you.
The ball python completely misses you. The ball python constricts you.
You take 2 damage, and have 11/20 hp.
Unknown command.
The ball python's grasp on you weakens, but your attempt to escape fails.
The adder bites you.
You are poisoned.
The adder poisons you! The ball python bites you.
The ball python constricts you.
Your magical contamination has completely faded away.
You take 4 damage, and have 7/20 hp.
You escape the ball python's grasp.
* * * LOW HITPOINT WARNING * * *
You feel sick.
You take 1 damage, and have 6/20 hp.
The adder attacks as you move away! The adder barely misses you.
* * * LOW HITPOINT WARNING * * *
You feel sick. The adder closely misses you.
You take 1 damage, and have 5/20 hp.
A kobold comes into view. It is wielding a +0 short sword.
* * * LOW HITPOINT WARNING * * *
You feel sick.
You take 1 damage, and have 4/20 hp.
It was a potion of curing.
You feel better. The adder closely misses you. The ball python bites you.
The ball python barely misses you.
You regained 4 hp, and now have 8/20 hp.
The adder bites you. The ball python barely misses you.
The ball python misses you.
The ball python attacks as you move away!
The ball python closely misses you. The ball python barely misses you.
The adder barely misses you. The ball python bites you.
* * * LOW HITPOINT WARNING * * *
The ball python grabs you. The ball python constricts you.
The ball python barely misses you. The ball python constricts you.
You take 2 damage, and have 6/20 hp.
You escape the ball python's grasp.
Casting: Slow (safe; 12% risk of failure)
Aiming: Slow (safe; 12% risk of failure)
Aim: an adder (lightly wounded, chance to affect: 49%)
The adder resists with some effort.
The adder bites you.
* * * LOW HITPOINT WARNING * * *
The ball python bites you.
* * * LOW HITPOINT WARNING * * *
The ball python barely misses you.
You take 3 damage, and have 3/20 hp.
You now have 1/5 mp.
Unknown command.
It was a potion of flight.
You feel very buoyant.
You fly up into the air.
The adder closely misses you. The ball python closely misses you.
The ball python grabs you. The ball python constricts you.
* * * LOW HITPOINT WARNING * * *
You take 1 damage, and have 3/20 hp.
Okay, then.
You escape the ball python's grasp.
The adder attacks as you move away! The adder bites you.
* * * LOW HITPOINT WARNING * * *
You are lethally poisoned!
The adder poisons you!
The ball python attacks as you move away!
The ball python misses you. x2
You die...

#.................
#......#..........
#
#......##.....#...
..
#......###........
#.. ##
######.#...##.#.(.
#.. .#####
###...####..... #)#
#..###. ...#
#...### ##.... ..
#....####.###.#.).#
##... #†
#...#..@......[#
#^.. #=#
###..S....#......#
###. #..
##.S###...##...# #.
#.## ##.##
###..#..... #.
#..#######..#
##..#.##..
#.........######K
#.... ..
##....<..........
##.##
#.......######## .#
#.......#


You could see an adder and a ball python.

Vanquished Creatures
  A dart slug (D:1)
  3 bats (D:1 D:2)
  2 endoplasms (D:1 D:2)
  3 goblins (D:1 D:2)
  4 hobgoblins (D:1 D:2)
  2 quokkas (D:1)
  2 ball pythons (D:2)
  2 frilled lizards (D:1)
  2 kobolds (D:1 D:2)
  A rat (D:1)
22 creatures vanquished.

Notes
Turn   | Place    | Note
-------+----------+-------------------------------------------
     0 | D:1      | Jackthecabe the Tengu Hexslinger began the quest for the
                  | Orb.
     0 | D:1      | Reached XP level 1. HP: 12/12 MP: 3/3
   453 | D:1      | Reached skill level 3 in Ranged Weapons
   453 | D:1      | Reached XP level 2. HP: 12/16 MP: 4/4
  1067 | D:2      | Reached XP level 3. HP: 20/20 MP: 5/5
  1101 | D:2      | Learned a level 3 spell: Mephitic Cloud
  1158 | D:2      | HP: 9/20 [adder (2)]
  1161 | D:2      | HP: 4/20 [poisoned by an adder]
  1167 | D:2      | HP: 4/20 [adder (2)]
  1170 | D:2      | HP: 1/20 [adder (2)]
  1170 | D:2      | Succumbed to an adder's poison

Illustrated notes

Levels and vault maps discovered:
D:1:      roderic_octagonal_star, layout_basic, serial_aquarium,
          aquarium_bridge_long_separate [aquarium_subvault_bridge,
          aquarium_subvault_bridge, aquarium_subvault_bridge,
          aquarium_subvault_window, aquarium_subvault_wall,
          aquarium_subvault_bridge], aquarium_window_fake,
          aquarium_window_corner, aquarium_window_fake, aquarium_view_2g,
          aquarium_pool_split
D:2:      layout_rooms, serial_shops, nicolae_shop_bloodbath_and_beyond

Skill      XL: |  1 |
---------------+----+-----
Ranged Weapons | 3 |  3.7
Fighting       | |  1.0
Dodging        | |  2.1
Spellcasting   | |  1.0
Conjurations   | |  0.1
Hexes          | |  2.1
Air Magic      | |  0.1

Action                     || total
---------------------------++-------
   Fire: Sling             ||    95
   Cast: Slow              ||     4
    Use: Potion            ||     2
 Armour: Robe              ||    13
  Dodge: Dodged            ||    43

Levels and vault maps discovered:
D:1:      roderic_octagonal_star, layout_basic, serial_aquarium,
          aquarium_bridge_long_separate [aquarium_subvault_bridge,
          aquarium_subvault_bridge, aquarium_subvault_bridge,
          aquarium_subvault_window, aquarium_subvault_wall,
          aquarium_subvault_bridge], aquarium_window_fake,
          aquarium_window_corner, aquarium_window_fake, aquarium_view_2g,
          aquarium_pool_split
D:2:      layout_rooms, serial_shops, nicolae_shop_bloodbath_and_beyond

Table legend: (Time is in decaauts)
 A = Elapsed time spent in this place.
 B = Non-inter-level travel time spent in this place.
 C = Inter-level travel time spent in this place.
 D = Time resting spent in this place.
 E = Time spent auto-exploring this place.
 F = Levels seen in this place.
 G = Mean time per level.
                   A        B        C        D        E       F      G
               +--------+--------+--------+--------+--------+-----+--------+
         Total |   1191 |   1155 |     36 |      0 |    953 |   2 |  595.5 |
       Dungeon |   1191 |   1155 |     36 |      0 |    953 |   2 |  595.5 |
               +--------+--------+--------+--------+--------+-----+--------+

Top non-repeatable levels by time:
     D:1: 982 daAuts
     D:2: 209 daAuts

Table legend:
 A = Kills in this place as a percentage of kills in the entire game.
 B = Kills by you in this place as a percentage of kills by you in the entire game.
 C = Kills by friends in this place as a percentage of kills by friends in the entire game.
 D = Other kills in this place as a percentage of other kills in the entire game.
 E = Experience gained in this place as a percentage of experience gained in the entire game.
 F = Experience gained in this place divided by the number of levels of this place that you have seen.
                   A       B       C       D       E      F
               +-------+-------+-------+-------+-------+----------------------
         Total | 100.0 | 100.0 |   N/A |   N/A | 100.0 |  18.5
       Dungeon | 100.0 | 100.0 |   N/A |   N/A | 100.0 |  18.5
               +-------+-------+-------+-------+-------+----------------------
